 Dungeon Crawl Stone Soup version 0.31-a0-152-g6aa68a64a1 (webtiles) character file.

Game seed: 17232816270729089914

646 qw the Shooter (level 7, 0/44 HPs)
             Began as a Gargoyle Hunter on June 10, 2023.
             Slain by Edmund
             ... wielding a +4 flail of holy wrath
              (12 damage)
             ... on level 4 of the Dungeon.
             The game lasted 00:01:30 (2210 turns).

qw the Shooter (Gargoyle Hunter)                    Turns: 2210, Time: 00:01:31

Health: 0/44       AC: 13    Str: 15    XL:     7   Next: 52%
Magic:  7/7        EV: 11    Int:  9    God:
Gold:   149        SH:  0    Dex: 15    Spells: 6/6 levels left

rFire   . . .        Y - +0 shortbow
rCold   . . .        (shield currently unavailable)
rNeg    + . .        j - +0 ring mail
rPois   inf          (no helmet)
rElec   +            f - +2 cloak
rCorr   .            (no gloves)
SInv    .            (no boots)
Will    .....        d - amulet of regeneration
Stlth   +            (no ring)
HPRegen 1.07/turn    (no ring)
MPRegen 0.10/turn

%: no passive effects
@: no status effects
A: sickness immunity, AC +4, negative energy resistance 1, electricity
resistance, torment resistance 1, petrification resistance
a: no special abilities


You were on level 4 of the Dungeon.
You visited 1 branch of the dungeon, and saw 4 of its levels.

You collected 149 gold pieces.


Innate Abilities, Weirdness & Mutations

You are immune to sickness and miasma.
Your stone body is resilient. (AC +4)
You are immune to poison.
You resist negative energy. (rN+)
You are resistant to electric shocks. (rElec)
You are resistant to unholy torment.
You are immune to petrification.


   Skills:
 - Level 5.1 Fighting
 + Level 7.6 Ranged Weapons
 - Level 1.7 Armour
 - Level 1.5 Dodging
 - Level 1.1 Stealth


You had 6 spell levels left.
You didn't know any spells.
Your spell library was empty.

Inventory:

Hand Weapons
 Y - a +0 shortbow (weapon)
Armour
 e - a +2 robe of resistance
 f - a +2 cloak (worn)
 j - a +0 ring mail (worn)
Jewellery
 d - an amulet of regeneration (around neck)
Scrolls
 c - 4 scrolls of identify
 i - a scroll of enchant weapon {unknown}
 l - a scroll of amnesia {unknown}
Potions
 a - a potion of ambrosia {unknown}
 b - a potion of enlightenment {unknown}
 g - a potion of attraction {unknown}
 h - a potion of lignification
 k - a potion of heal wounds
 m - a potion of magic {unknown}

Dungeon Overview and Level Annotations

Branches:
Dungeon (4/15)
 Temple: D:4-7

Altars:
Kikubaaqudgha
Trog
Xom
Yredelemnul

Annotations:
D:4 Edmund


Message History

Edmund hits you with a +4 flail of holy wrath!
You shoot an arrow.
The arrow hits Edmund but does no damage.
Edmund is moderately wounded.
Edmund misses you.
You shoot an arrow. The arrow completely misses Edmund.
Edmund hits you with a +4 flail of holy wrath. x2
You shoot an arrow.
The arrow hits Edmund but does no damage.
Edmund is moderately wounded.
Edmund hits you with a +4 flail of holy wrath.
You shoot an arrow. The arrow hits Edmund.
Edmund is moderately wounded.
Edmund hits you with a +4 flail of holy wrath!
You shoot an arrow. The arrow hits Edmund!
Edmund is heavily wounded.
Edmund hits you with a +4 flail of holy wrath.
You shoot an arrow.
The arrow hits Edmund but does no damage.
Edmund is heavily wounded.
Edmund hits you with a +4 flail of holy wrath!
2206 ||| DRINKING 2 potions of heal wounds.
You feel much better.
Edmund hits you with a +4 flail of holy wrath.
You shoot an arrow.
The arrow hits Edmund but does no damage.
Edmund is heavily wounded.
Edmund hits you but does no damage.
You shoot an arrow.
The arrow hits Edmund but does no damage.
Edmund is heavily wounded.
Edmund hits you with a +4 flail of holy wrath.
You shoot an arrow. The arrow barely misses Edmund.
Edmund hits you with a +4 flail of holy wrath!
You shoot an arrow. The arrow hits Edmund.
Edmund is heavily wounded.
Edmund hits you with a +4 flail of holy wrath.
Edmund whines, "My parents never had time for me!"
Edmund hits you with a +4 flail of holy wrath!
You die...

#.###...# #.......##.
#......... .......##
!...... ..%. ###@####
#..@...# #.#.##.#
#.#.##.# ...
###.#..#.# #....
#...##.#.##........#
#.#..#.#.#.........###
######
#....................#
.....#
#.#................#.#
####.#
#..##........[...##..#


You could see Edmund.

Vanquished Creatures
  Sigmund (D:4)
  Duvessa (D:4)
  Dowan (D:4)
  2 hounds
  An iguana (D:4)
  A jelly (D:4)
  2 orc wizards (D:3)
  3 gnolls (D:4)
  4 adders
  3 worms
  4 dart slugs
  6 orcs (D:3)
  4 endoplasms
  5 giant cockroaches
  8 goblins
  8 hobgoblins
  9 jackals
  4 quokkas
  7 ball pythons
  6 bats
  A frilled lizard (D:3)
  3 kobolds
  2 rats
86 creatures vanquished.

Notes
Turn   | Place    | Note
-------+----------+-------------------------------------------
     0 | D:1      | qw the Gargoyle Hunter began the quest for the Orb.
     0 | D:1      | Reached XP level 1. HP: 12/12 MP: 1/1
     0 | D:1      | 0 ||| qw: Version: 0.2-a-29-gd901d54
     0 | D:1      | 0 ||| qw: Game counter: 3954
     0 | D:1      | 0 ||| qw: Always use a shield: true
     0 | D:1      | 0 ||| qw: God list: Okawaru
     0 | D:1      | 0 ||| qw: Allow faded altars: false
     0 | D:1      | 0 ||| qw: Do Orc after D:15 true
     0 | D:1      | 0 ||| qw: Do second Lair branch before Depths: true
     0 | D:1      | 0 ||| qw: Lair rune preference: random
     0 | D:1      | 0 ||| qw: Plans: Normal, Zot:1-4, Slime:5, God:TSO, Crypt,
                  | Tomb, Abyss, Pan, Hells, Win
     0 | D:1      | 0 ||| PLANNING D:1-11
    34 | D:1      | Found a faded altar of an unknown god.
   180 | D:1      | Reached XP level 2. HP: 17/17 MP: 2/2
   261 | D:1      | Reached XP level 3. HP: 18/21 MP: 3/3
   263 | D:1      | Reached skill level 5 in Ranged Weapons
   530 | D:1      | 530 ||| UPGRADING to amulet of regeneration.
   535 | D:1      | 535 ||| DROPPING ring of magical power.
   536 | D:1      | 536 ||| READING scroll labelled DYINIR CIVA.
   537 | D:1      | 537 ||| READING 2 scrolls labelled CARUJ KILOWN.
   538 | D:1      | 538 ||| READING scroll labelled MIXIKKO IKLIDU.
   539 | D:1      | 539 ||| READING scroll labelled CUESEUPOERGH.
   543 | D:1      | 543 ||| DROPPING scroll of butterflies.
   544 | D:1      | 544 ||| DROPPING scroll of magic mapping.
   602 | D:2      | Reached skill level 3 in Fighting
   661 | D:2      | 661 ||| Stepping ~*~*~tactically~*~*~ (water).
   667 | D:2      | Reached XP level 4. HP: 28/28 MP: 4/4
   695 | D:2      | Found an ancient bone altar of Kikubaaqudgha.
  1113 | D:2      | 1113 ||| UPGRADING to +2 cloak.
  1118 | D:2      | 1118 ||| UPGRADING to +0 ring mail.
  1128 | D:2      | 1128 ||| DROPPING +0 leather armour.
  1129 | D:2      | 1129 ||| READING scroll labelled FOCYABB ACI GUE.
  1132 | D:2      | 1132 ||| READING 3 scrolls labelled WUBLUE NEPOHI.
  1133 | D:2      | 1133 ||| DRINKING 2 orange potions.
  1134 | D:2      | 1134 ||| DROPPING 2 scrolls of immolation.
  1151 | D:3      | Found a basalt altar of Yredelemnul.
  1196 | D:3      | Reached skill level 1 in Armour
  1279 | D:3      | Reached XP level 5. HP: 32/32 MP: 5/5
  1452 | D:3      | 1452 ||| DRINKING potion of curing.
  1452 | D:3      | 1452 ||| (to cure confusion)
  1469 | D:3      | Reached skill level 6 in Ranged Weapons
  1566 | D:3      | 1566 ||| READING scroll labelled CUSMOOTUING.
  1567 | D:3      | 1567 ||| DRINKING 2 fizzy white potions.
  1568 | D:3      | 1568 ||| READING 4 scrolls of identify.
  1568 | D:3      | 1568 ||| IDENTIFYING bubbling amethyst potion
  1569 | D:3      | 1569 ||| READING 3 scrolls of identify.
  1569 | D:3      | 1569 ||| IDENTIFYING lumpy silvery potion
  1570 | D:3      | 1570 ||| READING 2 scrolls of identify.
  1570 | D:3      | 1570 ||| IDENTIFYING pink potion
  1571 | D:3      | 1571 ||| DROPPING potion of brilliance.
  1572 | D:3      | 1572 ||| DROPPING potion of degeneration.
  1573 | D:3      | 1573 ||| DROPPING potion of berserk rage.
  1588 | D:3      | Found a shimmering altar of Xom.
  1590 | D:3      | 1590 ||| Stepping ~*~*~tactically~*~*~ (water).
  1742 | D:3      | 1742 ||| DRINKING 3 puce potions.
  1774 | D:4      | Noticed Sigmund
  1786 | D:4      | Killed Sigmund
  1787 | D:4      | Reached XP level 6. HP: 19/40 MP: 6/6
  1891 | D:4      | Reached XP level 7. HP: 28/44 MP: 7/7
  1932 | D:4      | Noticed Duvessa
  1934 | D:4      | Noticed Dowan
  1957 | D:4      | HP: 9/44 [Dowan/+0 dagger (5)]
  1958 | D:4      | 1958 ||| DRINKING 2 potions of heal wounds.
  1961 | D:4      | Killed Duvessa
  1962 | D:4      | Reached skill level 7 in Ranged Weapons
  1975 | D:4      | Killed Dowan
  1997 | D:4      | 1997 ||| FLEEEEING.
  2150 | D:4      | Found a bloodstained altar of Trog.
  2193 | D:4      | Noticed Edmund
  2205 | D:4      | HP: 6/44 [Edmund/+4 flail of holy wrath (9)]
  2206 | D:4      | 2206 ||| DRINKING 2 potions of heal wounds.
  2210 | D:4      | Slain by Edmund

Levels and vault maps discovered:
D:1:      amcnicky_arrival_blooded_trapdoor, layout_rooms,
          dreamdust_ecumenical_altar_grove
D:2:      layout_rooms, basic_altar, serial_bayou, serial_bayou_crossing,
          serial_bayou_ford_a, serial_bayou_pond_a, serial_bayou_pond_b,
          chequers_hall_statues_y
D:3:      layout_basic, yredelemnul_altar_generic, tgw_xom
D:4:      layout_loops_cross, kennysheep_mini_moat, general_overflow_altar,
          minmay_misc_feat_secret_circle, uniq_duvessa, uniq_edmund,
          uniq_sigmund

Skill      XL: |  1  2  3  4  5  6  7 |
---------------+----------------------+-----
Ranged Weapons | 5 6 7 |  7.6
Fighting       | 3 5 |  5.1
Armour         | 1 |  1.7
Dodging        | |  1.5
Stealth        | |  1.1

Action                     |  1- 3 |  4- 6 |  7- 9 || total
---------------------------+-------+-------+-------++-------
   Fire: Shortbow          |   103 |   186 |    86 ||   375
    Use: Scroll            |     4 |     6 |       ||    10
         Potion            |       |     4 |     2 ||     6
 Armour: Leather armour    |    24 |     3 |       ||    27
         Ring mail         |       |    73 |    63 ||   136
  Dodge: Dodged            |    40 |    61 |    48 ||   149

Table legend:
 A = Non-vault XP
 B = Vault XP
 C = Vault XP percentage of total XP
 D = Non-vault monster count
 E = Vault monster count
 F = Vault count percentage of total count
                 A         B        C        D         E       F
            +---------+---------+-------+---------+---------+-------
      Total |     467 |     456 |  49.4 |      74 |      12 |  14.0
            +---------+---------+-------+---------+---------+-------
        D:1 |      52 |       0 |   0.0 |      26 |       0 |   0.0
        D:2 |      43 |       6 |  12.2 |      12 |       3 |  20.0
        D:3 |     150 |      10 |   6.2 |      19 |       6 |  24.0
        D:4 |     222 |     440 |  66.5 |      17 |       3 |  15.0
            +---------+---------+-------+---------+---------+-------
